 Dungeon Crawl Stone Soup version 0.31-a0-1005-gfbdfbacc72 (webtiles) character file.

Game seed: 3960642739175946412

238 Avanven the Ruffian (level 5, -2/40 HPs)
             Began as a Draconian Shapeshifter on Nov 11, 2023.
             Slain by Pargi (4 damage)
             ... on level 4 of the Dungeon.
             The game lasted 00:07:02 (2625 turns).

Avanven the Ruffian (Draconian Shapeshifter)        Turns: 2625, Time: 00:07:02

Health: -2/40      AC:  5    Str: 18    XL:     5   Next: 78%
Magic:  5/5        EV: 12    Int: 10    God:
Gold:   202        SH:  0    Dex: 11    Spells: 4/4 levels left

rFire   . .          .
                       - Unarmed
rCold   . . .        (no shield)
rNeg    . . .        (body armour unavailable)
rPois   .            (helmet currently unavailable)
rElec   .            (cloak currently unavailable)
rCorr   .            (gloves currently unavailable)
SInv    .            (boots currently unavailable)
Will    .....        (no amulet)
Stlth   +            (no ring)
HPRegen 0.26/turn    (no ring)
MPRegen 0.09/turn

%: no passive effects
@: beast-form
A: beast (slay +2), AC +5, unfitting armour, cold-blooded
a: Begin Untransformation


You were on level 4 of the Dungeon.
You were a hulking beast.
You visited 1 branch of the dungeon, and saw 4 of its levels.
You also visited: Sewer.

You collected 202 gold pieces.

Inventory:

Talismans
 b - a beast talisman
 c - a flux talisman
 j - a flux talisman
Wands
 h - a wand of flame (10)
Scrolls
 d - a scroll of identify
 e - a scroll of amnesia {unknown}
 o - a scroll of noise {unknown}
Potions
 a - a potion of resistance
 f - a potion of attraction
 g - a potion of invisibility {unknown}
 i - a potion of degeneration {unknown}
 k - a potion of heal wounds {unknown}
 l - a potion of might {unknown}
 m - a potion of haste {unknown}
 n - a potion of enlightenment {unknown}


   Skills:
 - Level 1.1 Fighting
 - Level 1.7 Dodging
 * Level 5.6 Unarmed Combat
 + Level 4.2 Shapeshifting


You had 4 spell levels left.
You didn't know any spells.
Your spell library contained the following spells:

 Spells                   Type           Power      Damage    Failure   Level
 Sublimation of Blood     Necr           0%         N/A       50%         2
 Call Canine Familiar     Summ           0%         N/A       75%         3
 Sigil of Binding         Hex            0%         N/A       75%         3
 Dimensional Bullseye     Hex/Tloc       0%         N/A       98%         4
 Leda's Liquefaction      Hex/Erth       0%         N/A       98%         4
 Petrify                  Tmut/Erth      0%         N/A       98%         4
 Irradiate                Conj/Tmut      0%         3d11      100%        5


Dungeon Overview and Level Annotations

Branches:
Dungeon (4/15)              Sewer (visited)
 Temple: D:4-7

Altars:
Dithmenos
Gozag

Annotations:
D:3 exclusion: downstairs
D:4 Pargi


Innate Abilities, Weirdness & Mutations

You are a hulking beast.
Your limbs bulge with bestial killing power. (Slay +2)
Your plain brown scales are hard. (AC +5)
You cannot fit into any form of body armour.
You are cold-blooded and may be slowed by cold attacks.


Message History

Level annotation: Pargi
There is a stone staircase leading up here.
The ball python barely misses you. The ball python grabs you.
You stop ascending the stairs.
The ball python constricts you.
Unknown command.
You escape the ball python's grasp.
The iguana closely misses you.
The ball python bites you but does no damage.
The ball python grabs you.
You stop ascending the stairs.
The ball python constricts you.
You completely miss the ball python. The iguana bites you.
The ball python bites you. The ball python constricts you.
You barely miss the ball python. You tail-slap the ball python.
The ball python is severely wounded.
Pargi clenches his teeth.
The iguana barely misses you.
The ball python bites you but does no damage.
The ball python constricts you.
The adder hisses angrily.
You hit the ball python.
You kill the ball python!
The iguana closely misses you. The iguana bites you!
You climb upwards.
Level annotation: exclusion: downstairs
There is a stone staircase leading down here.
The iguana bites you.
You climb downwards.
Level annotation: Pargi Pargi closely misses you. x2; Pargi barely misses you.
Pargi bites you. Pargi claws you. x2
There is a stone staircase leading up, spattered with blood here.
As you read the scroll of fog, it dissolves into smoke.
The iguana barely misses you. Pargi bites you.
* * * LOW HITPOINT WARNING * * *
Pargi closely misses you. Pargi claws you.
* * * LOW HITPOINT WARNING * * *
The adder bites you but does no damage. The iguana bites you!
* * * LOW HITPOINT WARNING * * *
Pargi bites you.
You die...

###### #....# #....#
#._..## ..
#.....#### ...
###......####...
##§§§§<........
#..###lT§.§.........
.....§§h§§...###.##
.##..##S##..#...#.
#. .§§§...#.†## #
........#.#l#
###.#.#.S.###[#
#####.... #.# #.....
#.# ...... ..#
#..... #.#


You could see Pargi, an iguana and an adder.

Vanquished Creatures
  A water moccasin (Sewer)
  A hound (D:4)
  Robin (D:3)
  3 adders
  A dart slug (D:2)
  An orc (D:3)
  5 ball pythons
  2 bats
  2 endoplasms
  5 giant cockroaches
  10 goblins
  8 hobgoblins
  5 jackals
  3 quokkas (D:3)
  A frilled lizard (D:3)
  A kobold (D:2)
  3 rats (D:3)
53 creatures vanquished.

Notes
Turn   | Place    | Note
-------+----------+-------------------------------------------
     0 | D:1      | Avanven the Draconian Shapeshifter began the quest for the
                  | Orb.
     0 | D:1      | Reached XP level 1. HP: 16/16 MP: 1/1
   394 | D:1      | Reached XP level 2. HP: 20/23 MP: 2/2
  1533 | D:3      | Noticed Robin
  1572 | D:3      | Found a glowing drain.
  1575 | D:3      | Reached XP level 3. HP: 28/28 MP: 3/3
  1592 | Sewer    | Entered a sewer
  1644 | Sewer    | Noticed a water moccasin
  1657 | Sewer    | Killed a water moccasin
  1658 | Sewer    | Reached skill level 5 in Unarmed Combat
  1658 | Sewer    | Reached XP level 4. HP: 35/35 MP: 4/4
  1658 | Sewer    | Reached XP level 5. HP: 40/40 MP: 5/5
  2072 | D:3      | Found a shadowy altar of Dithmenos.
  2379 | D:3      | Killed Robin
  2509 | D:4      | Found an opulent altar of Gozag.
  2540 | D:4      | Noticed Pargi
  2625 | D:4      | HP: 2/40 [iguana (9)]
  2625 | D:4      | Slain by Pargi

Illustrated notes

Levels and vault maps discovered:
D:1:      kennysheep_arrival_forest, layout_loops_corners
D:2:      layout_basic, chequers_big_river
D:3:      layout_basic, grunt_dithmenos_smoke, portal_sewer_entry_f,
          nicolae_elevator_lobby_asterisk, uniq_robin
D:4:      layout_cave_pools, nicolae_gozag_seed_capital,
          minmay_temple_entry_enclosed_plants, minmay_manual_mail, uniq_sigmund,
          uniq_pargi

Skill      XL: |  1  2  3  4  5 |
---------------+----------------+-----
Unarmed Combat | 5 |  5.6
Shapeshifting  | 4 |  4.2
Fighting       | |  1.1
Dodging        | |  1.7

Action                     |  1- 3 |  4- 6 || total
---------------------------+-------+-------++-------
  Melee: Unarmed           |    54 |    58 ||   112
         Tailslap          |     4 |     5 ||     9
  Evoke: Wand              |     3 |     4 ||     7
    Use: Potion            |     1 |       ||     1
         Scroll            |       |     5 ||     5
   Stab: Sleeping          |     1 |       ||     1
 Armour: Skin              |    33 |    37 ||    70
  Dodge: Dodged            |    26 |    34 ||    60

Table legend: (Time is in decaauts)
 A = Elapsed time spent in this place.
 B = Non-inter-level travel time spent in this place.
 C = Inter-level travel time spent in this place.
 D = Time resting spent in this place.
 E = Time spent auto-exploring this place.
 F = Levels seen in this place.
 G = Mean time per level.
                   A        B        C        D        E       F      G
               +--------+--------+--------+--------+--------+-----+--------+
         Total |   2646 |   2590 |     56 |     35 |   1909 |   5 |  529.2 |
       Dungeon |   2503 |   2447 |     56 |     15 |   1909 |   4 |  625.8 |
         Sewer |    142 |    142 |      0 |     20 |      0 |   1 |  142.0 |
               +--------+--------+--------+--------+--------+-----+--------+

Top non-repeatable levels by time:
     D:3: 905 daAuts
     D:1: 876 daAuts
     D:2: 671 daAuts
   Sewer: 142 daAuts
     D:4: 48 daAuts
